 Seeded DCSS version 0.30-a0-920-g7493c07aab (webtiles) character file.

Game seed: 18446744073709551615 (custom seed)

205 GigaChad the Shield-Bearer (level 6, -5/49 HPs)
             Began as a Formicid Fighter on Mar 21, 2023.
             Slain by a gnoll
             ... wielding a +0 halberd
             ... led by a gnoll sergeant
              (8 damage)
             ... on level 3 of the Dungeon.
             The game lasted 00:04:01 (2049 turns).

GigaChad the Shield-Bearer (Formicid Fighter)       Turns: 2049, Time: 00:04:02

Health: -5/49      AC: 11    Str: 23    XL:     6   Next: 9%
Magic:  6/6        EV:  6    Int:  7    God:
Gold:   118        SH:  5    Dex: 13    Spells: 5/5 levels left

rFire   . . .      SeeInvis +    a - +0 war axe
rCold   . . .      Faith    .    c - +0 buckler
rNeg    . . .      Spirit   .    s - +0 plate armour
rPois   .          Reflect  .    (helmet unavailable)
rElec   .          Rampage  .    (no cloak)
rCorr   .                        (no gloves)
Will    .....                    (no boots) Stlth
                                 (no amulet)
HPRegen 0.28/turn                n - +4 ring of slaying
MPRegen 0.10/turn                (no ring)

@: no status effects
A: permanent stasis, dig shafts and tunnels, antennae 3, four strong arms
a: Dig, Shaft Self


You were on level 3 of the Dungeon.
You visited 1 branch of the dungeon, and saw 3 of its levels.

You collected 118 gold pieces.

Inventory:

Hand Weapons
 a - a +0 war axe (weapon)
Armour
 b - a +0 scale mail
 c - a +0 buckler (worn)
 l - a +0 chain mail
 s - a +0 plate armour (worn)
Jewellery
 n - a +4 ring of slaying (left hand)
 r - an amulet of faith
Scrolls
 h - a scroll of torment
 i - a scroll of immolation
 j - 2 scrolls of magic mapping
 k - 2 scrolls of noise
 o - 2 scrolls of identify
Potions
 d - 2 potions of might
 e - 3 potions of curing {unknown}
 f - a potion of haste {unknown}
 g - 3 potions of degeneration {unknown}
 m - a potion of cancellation {unknown}
 p - a potion of berserk rage {unknown}
 q - a potion of heal wounds {unknown}


   Skills:
 + Level 4.5 Fighting
 + Level 3.8 Axes
 + Level 4.1 Armour
 + Level 0.5 Dodging
 * Level 4.9 Shields


You had 5 spell levels left.
You didn't know any spells.
Your spell library contained the following spells:

 Spells                   Type           Power      Damage    Failure   Level
 Kiss of Death            Conj/Necr      0%         2d5       100%        1
 Sandblast                Erth           0%         2d4       100%        1
 Passwall                 Tmut/Erth      0%         N/A       100%        2
 Confusing Touch          Hex            0%         N/A       100%        3
 Stone Arrow              Conj/Erth      0%         3d7       100%        3
 Dispel Undead            Necr           0%         3d6       100%        4


Dungeon Overview and Level Annotations

Branches:
Dungeon (3/15)

Altars:
Nemelex Xobeh


Innate Abilities, Weirdness & Mutations

You cannot be hasted, slowed, berserked, paralysed or teleported.
You can dig through walls and to a lower floor.
You have a pair of large antennae on your head. (SInv)
Your four strong arms can wield two-handed weapons with a shield.


Message History

You are too injured to fight recklessly!
The gnoll sergeant hits you from afar with a +0 spear.
You block the gnoll sergeant's attack. The gnoll hits you but does no damage.
You slash the gnoll sergeant!
The gnoll sergeant is moderately wounded.
The gnoll sergeant hits you with a +0 spear.
* * * LOW HITPOINT WARNING * * *
The gnoll hits you but does no damage.
You slash the gnoll sergeant!
The gnoll sergeant is severely wounded.
The gnoll hits you from afar with a +0 halberd.
* * * LOW HITPOINT WARNING * * *
The gnoll sergeant hits you but does no damage.
The gnoll hits you but does no damage.
You slash the gnoll sergeant!
You kill the gnoll sergeant!
The gnoll barely misses you.
The gnoll hits you from afar with a +0 spear.
* * * LOW HITPOINT WARNING * * *
You block the gnoll's attack. x2; The gnoll barely misses you.
Your Armour skill increases to level 4!
You have reached level 6!
You hit the gnoll.
The gnoll is lightly wounded.
The gnoll hits you with a +0 whip.
* * * LOW HITPOINT WARNING * * *
You block the gnoll's attack.
The gnoll hits you from afar with a +0 spear.
* * * LOW HITPOINT WARNING * * *
You hit the gnoll.
The gnoll is moderately wounded.
The gnoll hits you with a +0 whip.
* * * LOW HITPOINT WARNING * * *
You block the gnoll's attack. The gnoll barely misses you.
You hit the gnoll.
The gnoll is severely wounded.
The gnoll hits you but does no damage. You block the gnoll's attack.
The gnoll hits you but does no damage.
The gnoll hits you from afar with a +0 halberd!
You die...

..>###...(....~##.#
#.###..........#)#
#............~.#.#
####..........~~..#.####
..........#....~........
####......#.#.~...#.###.
#...<.gg..#.##......# #.
#.#####g###.######### #.
##@###.# #. #......# #.
........##### #.
#.#####.# #. ...
######### #.. .........
$#.# ######### # ## ##
#.


You could see 3 gnolls.

Vanquished Creatures
  A gnoll sergeant (D:3)
  Robin (D:2)
  5 gnolls
  2 adders (D:2)
  2 worms
  4 ball pythons
  3 endoplasms
  A giant cockroach (D:2)
  15 goblins
  8 hobgoblins
  6 jackals (D:3)
  3 kobolds
  A quokka (D:3)
  4 bats
  3 frilled lizards
  3 rats (D:1)
62 creatures vanquished.

Notes
Turn   | Place    | Note
-------+----------+-------------------------------------------
     0 | D:1      | GigaChad the Formicid Fighter began the quest for the Orb.
     0 | D:1      | Reached XP level 1. HP: 18/18 MP: 1/1
   129 | D:1      | Reached XP level 2. HP: 22/24 MP: 2/2
   430 | D:1      | Reached XP level 3. HP: 22/30 MP: 3/3
  1069 | D:2      | Noticed Robin
  1072 | D:2      | Reached XP level 4. HP: 36/37 MP: 4/4
  1076 | D:2      | Killed Robin
  1094 | D:2      | Reached XP level 5. HP: 29/42 MP: 5/5
  1714 | D:3      | Found a sparkling altar of Nemelex Xobeh.
  2047 | D:3      | Reached XP level 6. HP: 6/49 MP: 6/6
  2048 | D:3      | HP: 2/49 [gnoll/+0 whip[a gnoll sergeant] (1)]
  2049 | D:3      | Slain by a gnoll

Illustrated notes

Levels and vault maps discovered:
D:1:      dpeg_arrival_brainrot, layout_loops_ring
D:2:      layout_rooms, chequers_decorated_corner, uniq_robin
D:3:      layout_loops_ring, lemuel_crystal_altar,
          chequers_serial_rivers_micro_c

Skill      XL: |  1  2  3  4  5 |
---------------+----------------+-----
Axes           | 3 |  3.8
Fighting       | 4 |  4.5
Armour         | 4 |  4.1
Dodging        | |  0.5
Shields        | |  4.9

Action                     |  1- 3 |  4- 6 || total
---------------------------+-------+-------++-------
  Melee: War axe           |    70 |    74 ||   144
    Use: Scroll            |     3 |     1 ||     4
 Armour: Scale mail        |    20 |       ||    20
         Chain mail        |    12 |    47 ||    59
         Plate armour      |       |    15 ||    15
  Dodge: Dodged            |    23 |    41 ||    64
  Block: Buckler           |    16 |    29 ||    45

Table legend: (Time is in decaauts)
 A = Elapsed time spent in this place.
 B = Non-inter-level travel time spent in this place.
 C = Inter-level travel time spent in this place.
 D = Time resting spent in this place.
 E = Time spent auto-exploring this place.
 F = Levels seen in this place.
 G = Mean time per level.
                   A        B        C        D        E       F      G
               +--------+--------+--------+--------+--------+-----+--------+
         Total |   2104 |   1996 |    108 |    323 |   1106 |   3 |  701.3 |
       Dungeon |   2104 |   1996 |    108 |    323 |   1106 |   3 |  701.3 |
               +--------+--------+--------+--------+--------+-----+--------+

Top non-repeatable levels by time:
     D:1: 959 daAuts
     D:2: 775 daAuts
     D:3: 370 daAuts
